 Dungeon Crawl Stone Soup version 0.31-a0-700-gf13585253f (webtiles) character file.

Game seed: 16651496377215571871

511 qw the Shooter (level 7, 0/43 HPs)
             Began as a Gargoyle Hunter on Sept 7, 2023.
             Slain by a jackal (1 damage)
             ... on level 5 of the Dungeon.
             The game lasted 00:01:22 (3176 turns).

qw the Shooter (Gargoyle Hunter)                    Turns: 3176, Time: 00:01:23

Health: 0/43       AC: 10    Str: 21    XL:     7   Next: 19%
Magic:  7/7        EV: 11    Int:  9    God:
Gold:   239        SH:  0    Dex: 15    Spells: 6/6 levels left

rFire   . . .        Y - +0 shortbow
rCold   . . .        (shield currently unavailable)
rNeg    + . .        j - +0 ring mail
rPois   inf          (no helmet)
rElec   +            (no cloak)
rCorr   +            (no gloves)
SInv    .            (no boots)
Will    .....        (no amulet)
Stlth   +            f - ring of resist corrosion
HPRegen 0.27/turn    c - +6 ring of strength
MPRegen 0.10/turn

%: no passive effects
@: no status effects
A: sickness immunity, AC +4, negative energy resistance 1, electricity
resistance, torment resistance 1, petrification resistance
a: no special abilities


You were on level 5 of the Dungeon.
You visited 2 branches of the dungeon, and saw 6 of its levels.

You collected 239 gold pieces.


Innate Abilities, Weirdness & Mutations

You are immune to sickness and miasma.
Your stone body is resilient. (AC +4)
You are immune to poison.
You resist negative energy. (rN+)
You are resistant to electric shocks. (rElec)
You are resistant to unholy torment.
You are immune to petrification.


   Skills:
 - Level 4.0 Fighting
 + Level 7.7 Ranged Weapons
 - Level 1.0 Armour
 - Level 1.5 Dodging
 - Level 1.1 Stealth


You had 6 spell levels left.
You didn't know any spells.
Your spell library was empty.

Inventory:

Hand Weapons
 Y - a +0 shortbow (weapon)
Armour
 j - a +0 ring mail (worn)
Jewellery
 a - an amulet of magic regeneration
 c - a +6 ring of strength (right hand)
 f - a ring of resist corrosion (left hand)
Scrolls
 i - a scroll of identify
 l - a scroll of enchant weapon {unknown}
Potions
 b - 5 potions of curing
 d - a potion of resistance
 e - a potion of might
 g - a potion of lignification {unknown}
 h - a potion of invisibility {unknown}
 k - a potion of degeneration {unknown}

Dungeon Overview and Level Annotations

Branches:
Dungeon (5/15)             Temple (1/1) D:4

Altars:
Ashenzari
Cheibriados
Elyvilon
Fedhas
Gozag
Hepliaklqana
Kikubaaqudgha
Qazlal
Ru
Sif Muna
Trog
Uskayaw
Vehumet
Wu Jian
Yredelemnul
Zin
The Shining One

Annotations:
D:5 Edmund


Message History

The jackal misses you.
Edmund hits you with a +0 dire flail of protection!
The jackal closely misses you.
You shoot an arrow. The arrow closely misses Edmund.
Edmund hits you with a +0 dire flail of protection.
The jackal barely misses you.
You shoot an arrow. The arrow barely misses Edmund.
The jackal bites you but does no damage.
Edmund hits you with a +0 dire flail of protection.
The jackal barely misses you.
You shoot an arrow. The arrow hits Edmund.
Edmund is lightly wounded.
Edmund hits you with a +0 dire flail of protection!
The jackal bites you.
You shoot an arrow. The arrow hits Edmund.
Edmund is moderately wounded.
The jackal bites you but does no damage.
Edmund hits you but does no damage.
The jackal bites you but does no damage.
You shoot an arrow. The arrow closely misses Edmund.
Edmund hits you but does no damage. The jackal misses you.
Edmund closely misses you.
You shoot an arrow.
The arrow hits Edmund but does no damage.
Edmund is moderately wounded.
The jackal closely misses you.
The jackal bites you but does no damage.
Edmund hits you but does no damage.
You shoot an arrow. The arrow hits Edmund.
Edmund is moderately wounded.
The jackal barely misses you.
Edmund hits you with a +0 dire flail of protection.
You shoot an arrow. The arrow hits Edmund.
Edmund is moderately wounded.
The jackal bites you but does no damage.
Edmund hits you but does no damage. The jackal closely misses you.
You shoot an arrow. The arrow hits Edmund.
Edmund is heavily wounded.
The jackal bites you.
You die...

#.#..#...#..# #.#.#
#...?.._..... #.#.#
#.#..#...#..# #.#.#
#.#..##.##..# #.#.#
#.#.........# #.#.#
#.#.........# #.#.#
#.#####.#####
######.#.# #.####..#
#......@@###.#....##
#.####..ho.....####
#######...# ##%.#
#..# ..... ##..#.#
#....# #....#


You could see Edmund, an orc and a jackal.

Vanquished Creatures
  An ice beast (D:4)
  A phantom (D:4)
  A scorpion (D:5)
  A howler monkey (D:4)
  A hound (D:4)
  2 jellies
  An iguana (D:4)
  3 adders
  2 ufetubi (D:4)
  2 worms
  A dart slug (D:4)
  4 orcs (D:4)
  4 ball pythons
  4 bats
  10 endoplasms
  A giant cockroach (D:3)
  6 goblins
  9 hobgoblins
  13 jackals
  3 kobolds (D:2)
  4 quokkas
  3 rats
77 creatures vanquished.

Notes
Turn   | Place    | Note
-------+----------+-------------------------------------------
     0 | D:1      | qw the Gargoyle Hunter began the quest for the Orb.
     0 | D:1      | Reached XP level 1. HP: 12/12 MP: 1/1
     0 | D:1      | 0 ||| qw: Version: 0.3-a-76-g4403597
     0 | D:1      | 0 ||| qw: Game counter: 729
     0 | D:1      | 0 ||| qw: Melee chars always use a shield: true
     0 | D:1      | 0 ||| qw: God list: Okawaru
     0 | D:1      | 0 ||| qw: Allow faded altars: false
     0 | D:1      | 0 ||| qw: Do Orc after clearing Dungeon:15 true
     0 | D:1      | 0 ||| qw: Do second Lair branch before Depths: true
     0 | D:1      | 0 ||| qw: Lair rune preference: random
     0 | D:1      | 0 ||| qw: Goals: Normal
     0 | D:1      | 0 ||| PLANNING D:1-11
    94 | D:1      | Reached XP level 2. HP: 17/17 MP: 2/2
   550 | D:1      | 550 ||| UPGRADING to +0 ring mail.
   560 | D:1      | 560 ||| DROPPING +0 leather armour.
   561 | D:1      | 561 ||| DROPPING +6 ring of intelligence.
   562 | D:1      | 562 ||| UPGRADING to ring of resist corrosion.
   563 | D:1      | 563 ||| READING scroll labelled UMAHIA PEUDIAD.
   564 | D:1      | 564 ||| READING scroll labelled MOASUANULU.
   565 | D:1      | 565 ||| READING scroll labelled AHUGGOETAT.
   566 | D:1      | 566 ||| DRINKING 2 murky inky potions.
   567 | D:1      | 567 ||| DROPPING scroll of butterflies.
   568 | D:1      | 568 ||| DROPPING potion of attraction.
   621 | D:2      | 621 ||| Stepping ~*~*~tactically~*~*~ (retreating).
   622 | D:2      | 622 ||| STAIRDANCE
   628 | D:1      | Reached skill level 1 in Armour
   628 | D:1      | Reached XP level 3. HP: 18/21 MP: 3/3
   653 | D:2      | 653 ||| STAIRDANCE
   948 | D:2      | Reached skill level 5 in Ranged Weapons
  1248 | D:2      | 1248 ||| UPGRADING to +6 ring of strength.
  1249 | D:2      | 1249 ||| READING scroll labelled ZAEPLO YQUT.
  1250 | D:2      | 1250 ||| READING scroll labelled RARACE MU GAWK.
  1254 | D:2      | 1254 ||| DRINKING 2 bubbling green potions.
  1255 | D:2      | 1255 ||| READING 2 scrolls of identify.
  1255 | D:2      | 1255 ||| IDENTIFYING golden potion
  1366 | D:3      | Reached XP level 4. HP: 27/27 MP: 4/4
  1428 | D:3      | Reached skill level 3 in Fighting
  1919 | D:3      | Found a glowing golden altar of the Shining One.
  1962 | D:3      | 1962 ||| READING scroll labelled QIJ SURUCKIBYE.
  1963 | D:3      | 1963 ||| DRINKING 2 emerald potions.
  1964 | D:3      | 1964 ||| READING 2 scrolls of identify.
  1964 | D:3      | 1964 ||| IDENTIFYING black potion
  1965 | D:3      | 1965 ||| DROPPING potion of ambrosia.
  2031 | D:4      | Reached XP level 5. HP: 32/32 MP: 5/5
  2045 | D:4      | Noticed a phantom
  2055 | D:4      | Killed a phantom
  2056 | D:4      | Reached skill level 6 in Ranged Weapons
  2116 | D:4      | Reached XP level 6. HP: 32/37 MP: 6/6
  2307 | D:4      | Found a staircase to the Ecumenical Temple.
  2308 | D:4      | 2308 ||| PLANNING TEMPLE
  2308 | D:4      | 2308 ||| DROPPING ring of flight.
  2309 | D:4      | 2309 ||| DROPPING ring of magical power.
  2310 | D:4      | 2310 ||| READING 2 scrolls of identify.
  2310 | D:4      | 2310 ||| IDENTIFYING inky potion
  2311 | D:4      | 2311 ||| DROPPING potion of brilliance.
  2361 | Temple   | Entered the Ecumenical Temple
  2362 | Temple   | 2362 ||| PLANNING D:1-11
  2595 | D:4      | Found a broken altar of Ashenzari.
  2672 | D:4      | Noticed an ice beast
  2688 | D:4      | HP: 4/38 [ice beast (8)]
  2693 | D:4      | Killed an ice beast
  2694 | D:4      | Reached skill level 7 in Ranged Weapons
  2893 | D:4      | 2893 ||| READING 2 scrolls labelled QEOVUSUOSIA.
  2894 | D:4      | 2894 ||| DROPPING scroll of fog.
  2926 | D:5      | Entered Level 5 of the Dungeon
  3060 | D:5      | Reached XP level 7. HP: 43/43 MP: 7/7
  3070 | D:5      | Found an ornate altar of the Wu Jian Council.
  3150 | D:5      | Noticed Edmund
  3170 | D:5      | HP: 7/43 [Edmund/+0 dire flail of protection (12)]
  3174 | D:5      | HP: 1/43 [Edmund/+0 dire flail of protection (5)]
  3176 | D:5      | Slain by a jackal

Levels and vault maps discovered:
D:1:      dpeg_arrival_simpleton_a, layout_basic, kennysheep_doodads
D:2:      layout_basic
D:3:      layout_basic, tso_oasis_becter
D:4:      layout_rooms, kennysheep_mini, minmay_temple_entry_crystal_x
D:5:      layout_loops_ring, nicolae_overflow_crystal_walls,
          mrwooster_statue_mirror, kennysheep_generic_room_2, uniq_edmund
Temple:   zaba_magenta_temple

Skill      XL: |  1  2  3  4  5  6 |
---------------+-------------------+-----
Armour         | 1 |  1.0
Ranged Weapons | 5 6 7 |  7.7
Fighting       | 3 4 |  4.0
Dodging        | |  1.5
Stealth        | |  1.1

Action                     |  1- 3 |  4- 6 |  7- 9 || total
---------------------------+-------+-------+-------++-------
   Fire: Shortbow          |   130 |   178 |    38 ||   346
    Use: Scroll            |     6 |     4 |       ||    10
         Potion            |     2 |     1 |       ||     3
 Armour: Leather armour    |    16 |       |       ||    16
         Ring mail         |    54 |   104 |    38 ||   196
  Dodge: Dodged            |    79 |   105 |    16 ||   200

Table legend:
 A = Non-vault XP
 B = Vault XP
 C = Vault XP percentage of total XP
 D = Non-vault monster count
 E = Vault monster count
 F = Vault count percentage of total count
                 A         B        C        D         E       F
            +---------+---------+-------+---------+---------+-------
      Total |     730 |       0 |   0.0 |      77 |       0 |   0.0
            +---------+---------+-------+---------+---------+-------
        D:1 |      27 |       0 |   0.0 |      15 |       0 |   0.0
        D:2 |      51 |       0 |   0.0 |      21 |       0 |   0.0
        D:3 |      54 |       0 |   0.0 |      16 |       0 |   0.0
        D:4 |     466 |       0 |   0.0 |      21 |       0 |   0.0
        D:5 |     132 |       0 |   0.0 |       4 |       0 |   0.0
            +---------+---------+-------+---------+---------+-------
